 Dungeon Crawl Stone Soup version 0.24.0-41-g2ae2f7f1be (webtiles) character file.

Game seed: 13554033887923607120, levelgen mode: deterministic

478742 Iamsoldier the Slayer (level 24, -5/166 HPs)
             Began as a Gargoyle Fighter on Dec 10, 2019.
             Was the Champion of Okawaru.
             Killed from afar by a starcursed mass (10 damage)
             ... with an accursed screaming
             ... on level 5 of the Abyss.
             The game lasted 01:46:34 (41174 turns).

Iamsoldier the Slayer (Gargoyle Fighter)           Turns: 41174, Time: 01:46:34

Health: -5/166     AC: 73    Str: 34    XL:     24   Next: 14%
Magic:  26/27      EV: 20    Int: 18    God:    Okawaru [******]
Gold:   908        SH: 19    Dex: 17    Spells: 23/23 levels left

rFire    + + .     SeeInvis +   D - +9 morningstar of Defiance {drain, Int+6}
rCold    x . .     Gourm    .   x - +0 shield {rF+}
rNeg     + . .     Faith    .   Z - +10 crystal plate armour of Ecvam {SInv}
rPois    ∞         Spirit   .   L - +0 helmet
rElec    +         Reflect  .   E - +2 cloak {MR+}
rCorr    .         Harm     .   u - +2 pair of gloves of the Monkey {Str+3}
MR       ++...                  F - +2 pair of boots of the Assassin {Detection Stab+ Stlth++}
Stlth    ..........             q - amulet of Relativism {*Drain Regen+ Str+4 Slay+2}
HPRegen  0.77/turn              H - ring "Ungupyug" {Fire Int+4 SInv}
MPRegen  0.20/turn              X - +4 ring of strength

@: heroism, flying, very slightly contaminated
A: big wings, fangs 1, talons 1, agile 1, dopey 1, low mp 1, negative energy
resistance 1, screaming 1, electricity resistance, weak 1, unbreathing,
petrification resistance, rot immunity, subdued magic 1, AC +18
}: 4/15 runes: decaying, serpentine, silver, abyssal
a: Stop Flying, Heroism, Finesse, Renounce Religion


You were on level 5 of the Abyss.
You worshipped Okawaru.
Okawaru was exalted by your worship.
You were completely stuffed.

You visited 8 branches of the dungeon, and saw 38 of its levels.
You visited the Abyss 1 time.
You visited 2 bazaars.
You also visited: Sewer, Gauntlet and Volcano.

You collected 5216 gold pieces.
You spent 4308 gold pieces at shops.

Inventory:

Hand Weapons
 D - the +9 morningstar of Defiance (weapon) {drain, Int+6}
   (You found it in a Gauntlet)

   A truly terrible weapon, it drains the life of those it strikes.
   It affects your intelligence (+6).
 W - a +7 demon whip of slashing
Armour
 u - the +2 pair of gloves of the Monkey (worn) {Str+3}
   (You found it on level 1 of the Snake Pit)

   It affects your strength (+3).
 x - a +0 shield of fire resistance (worn)
 E - a +2 cloak of magic resistance (worn)
 F - the +2 pair of boots of the Assassin (worn) {Detection Stab+ Stlth++}
   (You found it in a volcano)

   It makes you much more stealthy.
 L - a +0 helmet (worn)
 Z - the +10 crystal plate armour of Ecvam (worn) {SInv}
   (Okawaru gifted it to you on level 6 of the Lair of Beasts)

   It lets you see invisible.
Jewellery
 q - the amulet of Relativism (around neck) {*Drain Regen+ Str+4 Slay+2}
   (You acquired it on level 1 of the Lair of Beasts)

   [amulet of regeneration]

   It affects your strength (+4).
   It affects your accuracy and damage with ranged weapons and melee attacks
   (+2).
   It increases your rate of regeneration.
   It causes draining when unequipped.
 H - the ring "Ungupyug" (left hand) {Fire Int+4 SInv}
   (You acquired it on level 4 of the Lair of Beasts)

   [ring of fire]

   It enhances your fire magic.
   It affects your intelligence (+4).
   It protects you from fire.
   It makes you vulnerable to cold.
   It lets you see invisible.
 X - a +4 ring of strength (right hand)
Wands
 m - a wand of iceblast (43)
 w - a wand of acid (49)
 y - a wand of paralysis (33)
 B - a wand of disintegration (66)
 C - a wand of enslavement (10)
 I - a wand of polymorph (21)
 M - a wand of digging (8)
 O - a wand of scattershot (8)
 P - a wand of clouds (15)
 Y - a wand of flame (89)
Scrolls
 a - a scroll of holy word
 g - 11 scrolls of enchant armour
 h - 9 scrolls of amnesia
 j - 19 scrolls of remove curse
 n - 11 scrolls of teleportation
 r - 9 scrolls of identify
 t - 8 scrolls of fear
 v - 5 scrolls of silence
 z - a scroll of summoning
 A - 3 scrolls of magic mapping
 Q - a scroll of fog
Potions
 b - 8 potions of curing
 c - 3 potions of magic
 f - 3 potions of might
 i - 8 potions of brilliance
 k - 3 potions of resistance
 p - 4 potions of invisibility
 J - a potion of mutation
 R - 6 potions of agility
 S - 7 potions of lignification
 T - 2 potions of cancellation
 U - 7 potions of berserk rage
 V - a potion of haste
Miscellaneous
 l - a lightning rod (4/4)
 N - a lamp of fire
Comestibles
 d - 77 rations


   Skills:
 + Level 21.4(26.4) Fighting
 - Level 16.0(21.0) Maces & Flails
 + Level 21.1(26.1) Armour
 * Level 14.5(19.5) Dodging
 + Level 17.8(22.8) Shields
 - Level 8.0 Invocations
 - Level 10.0 Evocations


You had 23 spell levels left.
You didn't know any spells.
Your spell library contained the following spells:

 Spells                   Type           Power        Failure   Level  Hunger
 Animate Skeleton         Necr           N/A          67%         1    ##.....
 Apportation              Tloc           #.....       67%         1    ##.....
 Confusing Touch          Hex            #.....       67%         1    ##.....
 Flame Tongue             Conj/Fire      #....        67%         1    ##.....
 Infusion                 Chrm           #...         67%         1    ##.....
 Magic Dart               Conj           #...         67%         1    ##.....
 Pain                     Necr           #...         67%         1    ##.....
 Summon Butterflies       Summ           #.......     67%         1    ##.....
 Summon Small Mammal      Summ           #...         67%         1    ##.....
 Blink                    Tloc           N/A          80%         2    ###....
 Call Imp                 Summ           #.......     80%         2    ###....
 Corpse Rot               Necr           N/A          80%         2    ###....
 Poisonous Vapours        Pois/Air       #.....       80%         2    ###....
 Searing Ray              Conj           #.....       80%         2    ###....
 Shroud of Golubria       Chrm/Tloc      #.....       80%         2    ###....
 Slow                     Hex            #.......     80%         2    ###....
 Song of Slaying          Chrm           #.......     80%         2    ###....
 Throw Flame              Conj/Fire      #.....       80%         2    ###....
 Conjure Flame            Conj/Fire      #.......     96%         3    ####...
 Dazzling Spray           Conj/Hex       #.....       96%         3    ####...
 Ignite Poison            Fire/Tmut/Pois #.......     96%         3    ####...
 Inner Flame              Hex/Fire       #.......     96%         3    ####...
 Lesser Beckoning         Tloc           #.........   96%         3    ####...
 Mephitic Cloud           Conj/Pois/Air  #.......     96%         3    ####...
 Regeneration             Chrm/Necr      #.........   96%         3    ####...
 Spectral Weapon          Hex/Chrm       #.......     96%         3    ####...
 Tukima's Dance           Hex            #.......     96%         3    ####...
 Vampiric Draining        Necr           #.........   96%         3    ####...
 Animate Dead             Necr           N/A          100%        4    #####..
 Force Lance              Conj/Tloc      #.......     100%        4    #####..
 Fulminant Prism          Conj/Hex       #.........   100%        4    #####..
 Ice Form                 Ice/Tmut       #.......     100%        4    #####..
 Iskenderun's Mystic Bla  Conj           #.......     100%        4    #####..
 Leda's Liquefaction      Hex/Erth       #.........   100%        4    #####..
 Sticky Flame             Conj/Fire      #.......     100%        4    #####..
 Agony                    Necr           #.......     100%        5    ######.
 Alistair's Intoxication  Tmut/Pois      #.......     100%        5    ######.
 Bolt of Draining         Conj/Necr      #.........   100%        5    ######.
 Bolt of Magma            Conj/Fire/Erth #.........   100%        5    ######.
 Dispel Undead            Necr           #.......     100%        5    ######.
 Excruciating Wounds      Chrm/Necr      #.........   100%        5    ######.
 Fireball                 Conj/Fire      #.........   100%        5    ######.
 Irradiate                Conj/Tmut      #.........   100%        5    ######.
 Metabolic Englaciation   Hex/Ice        #.........   100%        5    ######.
 Bolt of Cold             Conj/Ice       #.........   100%        6    #######
 Bolt of Fire             Conj/Fire      #.........   100%        6    #######
 Freezing Cloud           Conj/Ice/Air   #.........   100%        6    #######
 Hydra Form               Tmut           #.........   100%        6    #######
 Invisibility             Hex            #.......     100%        6    #######
 Iron Shot                Conj/Erth      #.........   100%        6    #######
 Ozocubu's Refrigeration  Ice            #.........   100%        6    #######
 Simulacrum               Ice/Necr       #.........   100%        6    #######
 Dragon Form              Tmut           #.........   100%        7    #######
 Ring of Flames           Chrm/Fire      #.........   100%        7    #######
 Ignition                 Fire           #.........   100%        8    #######
 Shatter                  Erth           #.........   100%        9    #######
 Sublimation of Blood     Necr           Unusable     N/A         2    N/A
 Statue Form              Tmut/Erth      Unusable     N/A         6    N/A

Dungeon Overview and Level Annotations

Branches:
Dungeon (15/15)            Temple (1/1) D:4            Lair (6/6) D:8
  Swamp (4/4) Lair:3        Snake (4/4) Lair:2        Slime (0/5) Lair:6
    Orc (2/2) D:9             Elf (1/3) Orc:2        Vaults (5/5) D:14
  Crypt (0/3) Vaults:2     Depths (0/5) D:15          Sewer (visited)
Volcano (visited)         Gauntlet (visited)

Altars:
Ashenzari
Cheibriados
Dithmenos
Elyvilon
Fedhas
Gozag
Hepliaklqana
Kikubaaqudgha
Makhleb
Nemelex Xobeh
Okawaru
Qazlal
Ru
Sif Muna
Trog
Uskayaw
Vehumet
Wu Jian
Xom
Yredelemnul
Zin
The Shining One
Jiyva

Shops:
D:4 =   D:7 [   D:10 *   D:13 }   D:14 !   Orc:2 }*%([   Elf:1 [   Snake:1 *
Vaults:5 ?

Portals:
Trove: Elf:1 (give 5 scrolls of blinking)


Innate Abilities, Weirdness & Mutations

You are resistant to torment.
Your stone body is resilient. (AC +18)
You are immune to poison.
Your large and strong wings let you fly indefinitely.
You resist negative energy. (rN+)
You are resistant to electric shocks. (rElec)
You can survive without breathing.
You are immune to petrification.
You are immune to rotting.
You have very sharp teeth.
You have sharp toenails.
You are agile. (Dex +2)
You are dopey. (Int -2)
Your magical capacity is low. (-10% MP)
You occasionally shout uncontrollably at your foes.
You are weak. (Str -2)
Your spells are a little easier to cast, but a little less powerful.


Message History

You block the lich's attack.
You impale the lich!!
The lich is almost destroyed.
The smoke demon gestures at you. Something smites you!
* * * LOW HITPOINT WARNING * * *
You impale the lich!!
You destroy the lich!
Okawaru accepts your kill.
The substance of the Abyss twists violently, and a gateway leading out appears!
The smoke demon misses you. You block the smoke demon's attack.
The smoke demon hits you but does no damage.
A chorus of shrieks assaults your mind.
* * * LOW HITPOINT WARNING * * *
The smoke demon gestures at you. Something smites you!
* * * LOW HITPOINT WARNING * * *
A starcursed mass splits.
A chorus of shrieks assaults your mind.
You die...

#≈≈≈_≈≈≈≈≈≈≈.
#.#.. ≈♣≈≈≈≈≈
#..#...# # ≈
..#..#..X##
#.##...
....####..
.(......
X##... ##..
#..#.##...##
. ##...3§.###
#.#.#§..# .#
#§@### {#...#
#..#..
#####..∩ .#.#
. .. . # .#


You could see 2 starcursed masses and a smoke demon.

Vanquished Creatures
  An ancient lich (Vaults:5)
  The ghost of Hiliwumm the Slayer, a veteran MiGl of Okawaru (Elf:1)
  the Lernaean hydra (Swamp:4)
  A bone dragon (Abyss:5)
  A profane servitor (Abyss:5)
  6 tentacled monstrosities
  A lich (Abyss:5)
  A titan (Vaults:5)
  A quicksilver dragon (Vaults:5)
  The ghost of HawkI the Peltast, an adept MiFi of Elyvilon (Snake:1)
  3 tentacled starspawn (Abyss:5)
  A sphinx (Vaults:3)
  3 tengu reavers
  3 shadow dragons (Vaults:5)
  The ghost of Erghedol the Geomancer, an adept GrEE of Vehumet (D:14)
  11 nagarajas
  5 storm dragons
  3 thorn hunters
  3 iron dragons (Vaults:5)
  A daeva (Abyss:5)
  2 frost giants
  A fire giant (Vaults:4)
  14 vault wardens
  A ghost moth (shapeshifter) (Vaults:5)
  Louise (Swamp:3)
  2 deep elf sorcerers
  2 balrugs
  2 deep elf elementalists
  A curse skull (Vaults:2)
  A ghoul (Vaults:2)
  A draconian annihilator (Abyss:5)
  17 ironheart preservers
  8 stone giants
  3 war gargoyles (Vaults:5)
  6 very ugly things
  The ghost of ThereIsNoGod the Grappler, a journeyman NaTm of Cheibriados (Lair:1)
  2 entropy weavers
  2 deep elf demonologists
  2 minotaurs
  4 deep elf annihilators
  A red draconian (Volcano)
  3 deep elf death magi
  Snorg (D:11)
  3 ettins (Vaults:5)
  A green death (Abyss:5)
  2 fire dragons
  2 deep elf high priests (Vaults:5)
  3 great orbs of eyes
  A rakshasa (Vaults:1)
  Fannar (D:10)
  Josephine (Lair:5)
  7 yaktaur captains
  4 ice dragons
  3 ghost crabs
  26 hydras
  2 shambling mangroves
  9 naga warriors
  31 vault guards
  48 two-headed ogres
  3 catoblepae
  7 centaur warriors
  16 alligators
  13 death yaks
  A death knight (Vaults:4)
  14 ogre magi
  20 anacondas
  2 hell hogs (Abyss:5)
  The ghost of Blackrapter the Fighter, a novice DsFi of Okawaru (D:11)
  2 deep troll shamans
  A tengu warrior (D:15)
  5 dancing weapons
  10 naga sharpshooters
  5 deep troll earth magi
  A sun demon (Abyss:5)
  8 thrashing horrors (Abyss:5)
  9 deep elf knights
  Urug (Lair:1)
  9 shock serpents
  A wretched star (Abyss:5)
  6 orc high priests
  Nergalle (Lair:1)
  2 shadow wraiths
  A sixfirhy (Gauntlet)
  The ghost of ThereIsNoGod the Grappler, a novice NaTm of Cheibriados (D:7)
  2 spatial maelstroms (Abyss:5)
  3 salamander mystics
  A skeletal warrior (Vaults:2)
  7 unseen horrors
  2 flayed ghosts
  2 wizards
  19 deep trolls
  12 swamp dragons
  11 naga ritualists
  14 ironbrand convokers
  2 glowing orange brains (Abyss:5)
  6 deep elf archers
  A phantasmal warrior (Vaults:2)
  9 harpies
  31 deep elf magi
  4 manticores
  18 orc knights
  16 mana vipers
  A manticore (shapeshifter) (Vaults:5)
  40 ugly things
  A moth of wrath (Snake:1)
  An oklob plant (Lair:1)
  16 salamanders
  3 orc sorcerers
  3 wolf spiders
  9 cyclopes
  A salamander (shapeshifter) (Vaults:5)
  A worldbinder (Abyss:5)
  4 large abominations
  14 guardian serpents
  An apocalypse crab (Abyss:5)
  A guardian serpent (shapeshifter) (D:14)
  19 naga magi
  An orange demon (Abyss:3)
  4 smoke demons
  A spiny frog (shapeshifter) (D:14)
  2 gargoyles
  54 black mambas
  15 vault sentinels
  14 spiny frogs
  10 kobold demonologists
  9 komodo dragons
  5 rime drakes
  A hellion (Abyss:5)
  An efreet (Abyss:5)
  A komodo dragon (shapeshifter) (Vaults:5)
  6 freezing wraiths
  18 yaktaurs
  3 ancient zymes
  2 demonic crawlers (Abyss:5)
  12 polar bears
  A troll (shapeshifter) (Vaults:2)
  A red devil (Abyss:5)
  A dream sheep (Lair:6)
  13 trolls
  A wind drake (shapeshifter) (Vaults:2)
  2 meliai (shapeshifter)
  5 tyrant leeches
  A polar bear (shapeshifter) (D:14)
  22 raiju
  Grinder (D:4)
  Prince Ribbit (D:8)
  18 hornets
  24 slime creatures
  31 blink frogs
  12 hippogriffs
  6 bog bodies
  8 spriggans
  17 starcursed masses (Abyss:5)
  2 ynoxinuls
  2 flying skulls (Abyss:5)
  2 shadows
  A human (D:8)
  2 spriggans (shapeshifter)
  A wyvern (shapeshifter) (D:13)
  12 wraiths
  56 yaks
  A chaos spawn (Abyss:5)
  4 wyverns
  A fire elemental (Elf:1)
  5 hogs
  A hog (shapeshifter) (Vaults:4)
  A hungry ghost (D:9)
  3 steam dragons (Lair:6)
  18 vampire mosquitoes
  A neqoxec (Abyss:3)
  Menkaure (D:7)
  53 nagas
  3 small abominations
  16 swamp worms
  12 insubstantial wisps (Swamp:4)
  12 wargs
  3 acid dragons
  9 water moccasins
  13 hell hounds (Lair:6)
  5 ice beasts
  17 porcupines
  32 orc warriors
  5 sky beasts
  11 swamp drakes
  17 black bears
  2 eyes of draining
  4 boggarts (Vaults:3)
  An ogre (shapeshifter) (Vaults:5)
  5 phantoms
  37 ogres
  25 wolves
  A tengu (shapeshifter) (Vaults:5)
  19 centaurs
  12 crocodiles
  19 bullfrogs
  12 big kobolds
  A gnoll sergeant (D:13)
  2 wyvern zombies
  A water moccasin zombie (D:7)
  A scorpion (D:11)
  A water moccasin skeleton (D:10)
  A hornet simulacrum (D:14)
  10 killer bees
  5 wights (D:8)
  5 howler monkeys
  7 crimson imps
  3 centaur zombies
  2 bullfrog zombies
  2 quasits
  A human simulacrum (Vaults:2)
  5 hounds
  27 orc priests
  5 jellies
  5 centaur skeletons
  8 iguanas
  10 orc wizards
  11 worker ants
  A killer bee zombie (D:7)
  A hound zombie (D:6)
  A hound skeleton (D:7)
  2 worker ant zombies
  17 gnolls
  17 adders
  2 river rats (Sewer)
  6 shadow imps
  3 ufetubi (Gauntlet)
  An ooze (D:2)
  2 adder zombies
  3 adder skeletons
  A worm (D:2)
  A dart slug (D:3)
  5 leopard geckos
  59 orcs
  4 ball pythons
  4 giant cockroaches
  4 goblins
  7 hobgoblins
  5 jackals
  A quokka (D:9)
  6 bats
  3 frilled lizards
  A jackal zombie (D:6)
  18 kobolds
  A leopard gecko skeleton (D:2)
  9 rats
  A bush (Abyss:4)
  2 plants (Lair:6)
  2 starspawn tentacles (Abyss:5)
1772 creatures vanquished.

Vanquished Creatures (collateral kills)
  A water moccasin (Lair:1)
1 creature vanquished.

Vanquished Creatures (others)
  An ancient lich (Vaults:5)
  Kirke (Swamp:4)
  A wretched star (Abyss:5)
  A naga ritualist (Snake:4)
  An ironbrand convoker (Vaults:4)
  A hornet (Swamp:4)
  A chaos spawn (Abyss:5)
  A boggart (Vaults:3)
  2 ogres
  A small abomination (Abyss:5)
  17 fungi
  A lurking horror (Abyss:5)
  13 plants
  13 starspawn tentacles (Abyss:5)
55 creatures vanquished.

Grand Total: 1828 creatures vanquished

Notes
Turn   | Place    | Note
-------+----------+-------------------------------------------
     0 | D:1      | Iamsoldier the Gargoyle Fighter began the quest for the
                  | Orb.
     0 | D:1      | Reached XP level 1. HP: 14/14 MP: 1/1
   201 | D:1      | Reached XP level 2. HP: 16/19 MP: 2/2
   489 | D:2      | Reached XP level 3. HP: 23/24 MP: 3/3
   716 | D:2      | Reached XP level 4. HP: 5/29 MP: 4/4
  2009 | D:3      | Found a glowing drain.
  2032 | D:3      | Reached XP level 5. HP: 27/34 MP: 5/5
  2041 | Sewer    | Entered a sewer
  2131 | Sewer    | Noticed a big kobold
  2177 | Sewer    | Killed a big kobold
  2223 | Sewer    | Found a white marble altar of Elyvilon.
  2680 | D:3      | Noticed a phantom
  2698 | D:3      | Reached XP level 6. HP: 40/40 MP: 6/6
  2726 | D:3      | Killed a phantom
  2726 | D:3      | Reached skill level 5 in Fighting
  3218 | D:4      | Noticed a phantom
  3231 | D:4      | Killed a phantom
  3290 | D:4      | Reached XP level 7. HP: 39/44 MP: 7/7
  3397 | D:4      | Found Radywkue's Jewellery Boutique.
  3405 | D:4      | Bought a +1 ring of evasion for 39 gold pieces
  3405 | D:4      | Bought a +2 ring of strength for 97 gold pieces
  3447 | D:4      | Found a staircase to the Ecumenical Temple.
  3458 | Temple   | Entered the Ecumenical Temple
  3518 | Temple   | Became a worshipper of Warmaster Okawaru
  3589 | D:4      | Noticed Grinder
  3594 | D:4      | Killed Grinder
  3594 | D:4      | Reached skill level 5 in Maces & Flails
  3884 | D:4      | Reached skill level 5 in Shields
  4146 | D:5      | Entered Level 5 of the Dungeon
  4159 | D:5      | Reached * piety under Okawaru
  4159 | D:5      | Reached skill level 5 in Armour
  4204 | D:5      | Reached XP level 8. HP: 50/52 MP: 8/8
  4606 | D:5      | Found a white marble altar of Elyvilon.
  4608 | D:5      | Found a shattered altar of Ashenzari.
  4609 | D:5      | Found a shadowy altar of Dithmenos.
  4990 | D:6      | Found a blossoming altar of Fedhas.
  5266 | D:6      | Reached ** piety under Okawaru
  5797 | D:7      | Reached skill level 1 in Invocations
  5797 | D:7      | Reached XP level 9. HP: 58/58 MP: 9/9
  6078 | D:7      | Found a runed translucent gate.
  6079 | D:7      | Found a runed translucent gate.
  6080 | D:7      | Found a runed translucent gate.
  6081 | D:7      | Noticed ThereIsNoGod's ghost (novice NaTm)
  6089 | D:7      | Noticed Menkaure
  6099 | D:7      | Killed Menkaure
  6099 | D:7      | Reached *** piety under Okawaru
  6522 | D:7      | Found Sinoajah's Antique Armour Shop.
  6526 | D:7      | Bought an embroidered cloak for 232 gold pieces
  6771 | D:8      | Noticed a two-headed ogre
  6786 | D:8      | Killed a two-headed ogre
  6786 | D:8      | Reached **** piety under Okawaru
  6786 | D:8      | Reached XP level 10. HP: 35/65 MP: 12/12
  7348 | D:8      | Found a staircase to the Lair.
  7440 | D:8      | Reached ***** piety under Okawaru
  7505 | D:8      | Noticed Prince Ribbit
  7530 | D:8      | Reached skill level 5 in Invocations
  7602 | D:8      | Killed Prince Ribbit
  8074 | D:8      | Found a glowing silver altar of Zin.
  8259 | D:9      | Reached XP level 11. HP: 54/72 MP: 15/15
  8535 | D:9      | Found a radiant altar of Vehumet.
  8542 | D:9      | Identified Vehumet's Volume of Conjuration
  8545 | D:9      | Found an ancient bone altar of Kikubaaqudgha.
  8546 | D:9      | Found a shimmering blue altar of Sif Muna.
  8581 | D:9      | Noticed a two-headed ogre
  8590 | D:9      | Killed a two-headed ogre
  8811 | D:9      | Found a staircase to the Orcish Mines.
  8863 | D:9      | Reached skill level 10 in Fighting
  8926 | D:9      | Received a gift from Okawaru
  9082 | D:9      | Found a stormy altar of Qazlal.
  9147 | D:10     | Entered Level 10 of the Dungeon
  9500 | D:10     | Noticed a two-headed ogre
  9508 | D:10     | Killed a two-headed ogre
  9577 | D:10     | Noticed a two-headed ogre
  9586 | D:10     | Killed a two-headed ogre
  9658 | D:10     | You fall into a shaft and drop 1 floor!
  9677 | D:11     | Noticed a green ugly thing
  9695 | D:11     | Killed a green ugly thing
  9695 | D:11     | Reached ****** piety under Okawaru
  9727 | D:11     | Noticed a seven-headed hydra
  9737 | D:11     | Killed a seven-headed hydra
  9824 | D:11     | Noticed Snorg
  9847 | D:11     | Killed Snorg
 10118 | D:11     | You fall into a shaft and drop 2 floors!
 10119 | D:13     | Noticed a two-headed ogre
 10125 | D:13     | Received a gift from Okawaru
 10128 | D:13     | Noticed a sixfirhy
 10134 | D:13     | Noticed a sixfirhy
 10139 | D:13     | Reached XP level 12. HP: 58/79 MP: 7/17
 10156 | D:13     | Killed a two-headed ogre
 10263 | D:12     | Reached skill level 10 in Armour
 10294 | D:12     | Reached skill level 10 in Shields
 10307 | D:12     | Reached skill level 10 in Maces & Flails
 10387 | D:12     | Found a gate leading to a gauntlet.
 10403 | Gauntlet | Entered a Gauntlet
 10403 | Gauntlet | Found a transporter.
 10413 | Gauntlet | Noticed a catoblepas
 10418 | Gauntlet | Found a transporter.
 10428 | Gauntlet | Found a transporter.
 10433 | Gauntlet | Found a transporter.
 10450 | Gauntlet | Found a transporter.
 10458 | Gauntlet | Noticed a ghost crab
 10468 | Gauntlet | Found a transporter.
 10476 | Gauntlet | Found a large runed translucent door.
 10477 | Gauntlet | Found a large runed translucent door.
 10478 | Gauntlet | Found a large runed translucent door.
 10478 | Gauntlet | Found a large runed translucent door.
 10479 | Gauntlet | Found a runed translucent gate.
 10480 | Gauntlet | Found a transporter.
 10480 | Gauntlet | Found a runed translucent gate.
 10481 | Gauntlet | Found a runed translucent gate.
 10482 | Gauntlet | Found a large runed translucent door.
 10482 | Gauntlet | Found a large runed translucent door.
 10483 | Gauntlet | Found a large runed translucent door.
 10484 | Gauntlet | Found a large runed translucent door.
 10492 | Gauntlet | Found a transporter.
 10492 | Gauntlet | Noticed a wretched star
 10504 | Gauntlet | Noticed a hell beast
 10504 | Gauntlet | Found a transporter.
 10515 | Gauntlet | Noticed a death ooze
 10516 | Gauntlet | Found a transporter.
 10536 | Gauntlet | Found a transporter.
 10551 | Gauntlet | Found a transporter.
 10553 | Gauntlet | Found a transporter.
 10554 | Gauntlet | Noticed a catoblepas
 10578 | Gauntlet | Found a transporter.
 10580 | Gauntlet | Found a transporter.
 10582 | Gauntlet | Found a transporter.
 10606 | Gauntlet | Found a transporter.
 10608 | Gauntlet | Found a transporter.
 10610 | Gauntlet | Found a large runed translucent door.
 10610 | Gauntlet | Found a large runed translucent door.
 10651 | Gauntlet | Found a large runed translucent door.
 10654 | Gauntlet | Found a large runed translucent door.
 10662 | Gauntlet | Found a large runed translucent door.
 10662 | Gauntlet | Found a large runed translucent door.
 10662 | Gauntlet | Found a runed translucent door.
 10662 | Gauntlet | Found a runed translucent door.
 10664 | Gauntlet | Found a large runed translucent door.
 10665 | Gauntlet | Found a large runed translucent door.
 10709 | Gauntlet | Killed a catoblepas
 10725 | Gauntlet | Identified the +9 morningstar of Defiance {drain, Int+6}
                  | (You found it in a Gauntlet)
 10777 | Gauntlet | Killed a ghost crab
 10777 | Gauntlet | Reached skill level 1 in Evocations
 10815 | Gauntlet | Got a pair of ancient gloves
 10825 | Gauntlet | Identified the +2 pair of gloves "Igriev" {rF- Dex+5} (You
                  | found it in a Gauntlet)
 10843 | Gauntlet | Noticed a minotaur
 10857 | Gauntlet | Killed a minotaur
 10965 | D:11     | Noticed a five-headed hydra
 10975 | D:11     | Killed a five-headed hydra
 10975 | D:11     | Received a gift from Okawaru
 11099 | D:10     | Noticed Fannar
 11115 | D:10     | Killed Fannar
 11180 | D:10     | Reached XP level 13. HP: 84/85 MP: 19/19
 11324 | D:10     | Found Sesaj's Assorted Antiques.
 11332 | D:10     | Bought a potion of agility for 112 gold pieces
 11721 | D:7      | Killed ThereIsNoGod's ghost
 11903 | D:11     | Found a runed translucent gate.
 11903 | D:11     | Found a runed translucent gate.
 11903 | D:11     | Found a runed translucent gate.
 11905 | D:11     | Noticed Blackrapter's ghost (novice DsFi)
 11937 | D:11     | Killed Blackrapter's ghost
 12525 | D:12     | Found a white marble altar of Elyvilon.
 13160 | D:13     | You are sucked into a shaft and drop 2 floors!
 13160 | D:15     | Entered Level 15 of the Dungeon
 13265 | D:15     | Received a gift from Okawaru
 13607 | D:15     | Reached skill level 5 in Evocations
 13627 | D:14     | Found a gate to the Vaults.
 13691 | D:14     | Gained mutation: Your large and strong wings let you fly
                  | indefinitely. [Gargoyle growth]
 13691 | D:14     | Reached XP level 14. HP: 51/92 MP: 7/20
 13698 | D:14     | Received a gift from Okawaru
 13936 | D:14     | Found Coisk's Distillery.
 13939 | D:14     | Bought a potion of heal wounds for 75 gold pieces
 13939 | D:14     | Bought a potion of ambrosia for 120 gold pieces
 13939 | D:14     | Bought a potion of agility for 60 gold pieces
 14050 | D:14     | Noticed a brown very ugly thing
 14050 | D:14     | Noticed Erghedol's ghost (adept GrEE)
 14070 | D:14     | Found a runed translucent gate.
 14070 | D:14     | Found a runed translucent gate.
 14070 | D:14     | Found a runed translucent gate.
 14105 | D:14     | Killed a brown very ugly thing
 14124 | D:14     | Killed Erghedol's ghost
 14808 | D:13     | Found Qirues's Gadget Shop.
 15116 | D:14     | Received a gift from Okawaru
 15330 | D:14     | Identified 2 scrolls of acquirement
 15333 | D:14     | Got a bound tin amulet
 15335 | D:14     | Identified the amulet "Ruosif" {Faith Fragile rPois Int+7
                  | Dex+3} (You acquired it on level 14 of the Dungeon)
 15836 | D:15     | Found a staircase to the Depths.
 16249 | Lair:1   | Entered Level 1 of the Lair of Beasts
 16270 | Lair:1   | Found a hazy altar of Hepliaklqana.
 16311 | Lair:1   | Noticed ThereIsNoGod's ghost (journeyman NaTm)
 16314 | Lair:1   | Found a transporter.
 16329 | Lair:1   | Found a transporter.
 16354 | Lair:1   | Found a transporter.
 16381 | Lair:1   | Killed ThereIsNoGod's ghost
 16400 | Lair:1   | Got a faintly glowing graven amulet
 16435 | Lair:1   | Reached XP level 15. HP: 99/99 MP: 21/21
 16442 | Lair:1   | Got a coiled bone amulet
 16484 | Lair:1   | Noticed Urug
 16488 | Lair:1   | Killed Urug
 16599 | Lair:1   | Noticed Nergalle
 16602 | Lair:1   | Killed Nergalle
 16776 | Lair:1   | Found a transporter.
 17239 | Lair:2   | Found a dark tunnel.
 17244 | Volcano  | Entered a volcano
 17261 | Volcano  | Found the +2 pair of boots of the Assassin {Detection Stab+
                  | Stlth++}
 17263 | Volcano  | Found a burning altar of Makhleb.
 17446 | Volcano  | Identified the amulet "Xyofubou" {Inacc rElec Dex+6 Stlth+}
                  | (You found it on level 1 of the Lair of Beasts)
 17448 | Volcano  | Identified the amulet of Relativism {*Drain Regen+ Str+4
                  | Slay+2} (You acquired it on level 1 of the Lair of Beasts)
 17741 | Lair:2   | Found a staircase to the Snake Pit.
 18280 | Lair:3   | Found a staircase to the Swamp.
 18914 | D:7      | Bought a pair of steaming gloves for 294 gold pieces
 18927 | D:7      | Identified the +1 pair of gloves "Tiankutz" {rPois rN+}
                  | (You bought it in a shop on level 7 of the Dungeon)
 19145 | Lair:4   | Got an ancient tin ring
 19166 | Lair:4   | Identified the ring "Ungupyug" {Fire Int+4 SInv} (You
                  | acquired it on level 4 of the Lair of Beasts)
 19332 | Lair:4   | Received a gift from Okawaru
 19880 | Lair:5   | Noticed Josephine
 19891 | Lair:5   | Killed Josephine
 20230 | Lair:5   | You are sucked into a shaft and drop 1 floor!
 20230 | Lair:6   | Entered Level 6 of the Lair of Beasts
 20267 | Lair:6   | Reached XP level 16. HP: 107/107 MP: 22/22
 20925 | Lair:6   | Received a gift from Okawaru
 21363 | Lair:6   | Reached skill level 15 in Fighting
 21676 | Lair:6   | Found a viscous altar of Jiyva.
 21676 | Lair:6   | Found a staircase to the Slime Pits.
 22269 | Lair:6   | Received a gift from Okawaru
 22275 | Lair:6   | Identified the +10 crystal plate armour of Ecvam {SInv}
                  | (Okawaru gifted it to you on level 6 of the Lair of Beasts)
 22470 | Orc:1    | Entered Level 1 of the Orcish Mines
 22724 | Orc:2    | Entered Level 2 of the Orcish Mines
 22864 | Orc:2    | Found Ydauh's Weapon Emporium.
 23164 | Orc:2    | Found a staircase to the Elven Halls.
 23852 | Orc:2    | Found Jaih's Armour Shoppe.
 23852 | Orc:2    | Found Gugeiss's Gadget Shoppe.
 23853 | Orc:2    | Found Teum's Food Emporium.
 23853 | Orc:2    | Found Qinafir's Assorted Antiques.
 23864 | Orc:2    | Bought a lightning rod (4/4) for 640 gold pieces
 23864 | Orc:2    | Bought a wand of paralysis (9) for 176 gold pieces
 24088 | Snake:1  | Entered Level 1 of the Snake Pit
 24112 | Snake:1  | Reached XP level 17. HP: 108/113 MP: 8/23
 24358 | Snake:1  | Found Doraegek's Assorted Antiques.
 24376 | Snake:1  | Bought a potion of agility for 160 gold pieces
 24376 | Snake:1  | Bought a potion of curing for 120 gold pieces
 24376 | Snake:1  | Bought a potion of might for 160 gold pieces
 24376 | Snake:1  | Bought a potion of mutation for 320 gold pieces
 24376 | Snake:1  | Bought a scroll of teleportation for 120 gold pieces
 24388 | Snake:1  | Gained mutation: Your muscles are strong. (Str +2) [potion
                  | of mutation]
 24388 | Snake:1  | Lost mutation: Your muscles are strong. (Str +2) [potion of
                  | mutation]
 24388 | Snake:1  | Gained mutation: You can translocate small distances at
                  | will. [potion of mutation]
 24394 | Snake:1  | Reached skill level 15 in Shields
 24510 | Snake:1  | Reached skill level 15 in Maces & Flails
 24510 | Snake:1  | Reached skill level 15 in Armour
 24519 | Snake:1  | Received a gift from Okawaru
 24579 | Snake:1  | Found a transporter.
 24584 | Snake:1  | Noticed HawkI's ghost (adept MiFi)
 24608 | Snake:1  | Found a transporter.
 24660 | Snake:1  | Killed HawkI's ghost
 24682 | Snake:1  | Got a pair of slimy gloves
 24692 | Snake:1  | Identified the +2 pair of gloves of the Monkey {Str+3} (You
                  | found it on level 1 of the Snake Pit)
 25252 | Snake:2  | You are sucked into a shaft and drop 1 floor!
 25592 | Snake:3  | Received a gift from Okawaru
 25913 | Snake:4  | Entered Level 4 of the Snake Pit
 26201 | Snake:2  | Reached XP level 18. HP: 122/122 MP: 24/24
 26986 | Snake:4  | Received a gift from Okawaru
 27397 | Snake:4  | Received a gift from Okawaru
 27470 | Snake:4  | Got a serpentine rune of Zot
 28040 | Swamp:1  | Entered Level 1 of the Swamp
 28052 | Swamp:1  | Reached XP level 19. HP: 130/130 MP: 25/25
 28116 | Swamp:1  | Reached skill level 1 in Dodging
 28163 | Swamp:1  | Got a pair of spiked gloves
 28173 | Swamp:1  | Identified the +2 pair of gloves "Lostih" {MP+9} (You
                  | acquired it on level 1 of the Swamp)
 28825 | Swamp:2  | Received a gift from Okawaru
 28857 | Swamp:2  | Found a transporter.
 28929 | Swamp:2  | Found a transporter.
 29456 | Swamp:3  | Noticed Louise
 29471 | Swamp:3  | Killed Louise
 29978 | Swamp:4  | Entered Level 4 of the Swamp
 29978 | Swamp:4  | Noticed Kirke
 30010 | Swamp:4  | Killed Kirke
 30052 | Swamp:4  | Received a gift from Okawaru
 30269 | Swamp:4  | Reached skill level 5 in Dodging
 30337 | Swamp:4  | Noticed the 27-headed Lernaean hydra
 30354 | Swamp:4  | Killed the 27-headed Lernaean hydra
 30368 | Swamp:4  | Received a gift from Okawaru
 30560 | Swamp:4  | Got a decaying rune of Zot
 30722 | Swamp:4  | Noticed a tentacled monstrosity
 30733 | Swamp:4  | Killed a tentacled monstrosity
 30755 | Swamp:4  | Reached XP level 20. HP: 133/137 MP: 27/27
 30771 | Swamp:4  | Found a white marble altar of Elyvilon.
 31280 | Vaults:1 | Entered Level 1 of the Vaults
 31346 | Vaults:1 | Received a gift from Okawaru
 31374 | Vaults:1 | Found a flickering gateway to a bazaar.
 31397 | Bazaar   | Entered a bazaar
 31401 | Bazaar   | Found Zyrosoth's Jewellery Boutique.
 31419 | Bazaar   | Found Ufuemocw's Magic Scroll Emporium.
 31424 | Bazaar   | Bought a scroll of acquirement for 468 gold pieces
 31424 | Bazaar   | Bought a scroll of enchant weapon for 67 gold pieces
 31436 | Bazaar   | Found Efed's Antique Armour Boutique.
 31441 | Bazaar   | Bought a pair of embroidered boots for 225 gold pieces
 31453 | Bazaar   | Found Kazy's Antique Armour Shoppe.
 31491 | Bazaar   | Identified the +8 plate armour of Bavopiaph {rF+ rC+} (You
                  | acquired it in a bazaar)
 33197 | Vaults:2 | Reached skill level 10 in Evocations
 33459 | Vaults:2 | Found a staircase to the Crypt.
 33465 | Vaults:2 | Received a gift from Okawaru
 34585 | Vaults:3 | Reached XP level 21. HP: 144/144 MP: 28/28
 34876 | Vaults:3 | Received a gift from Okawaru
 34876 | Vaults:3 | Reached skill level 10 in Dodging
 36027 | Vaults:4 | Received a gift from Okawaru
 36364 | Vaults:4 | Reached XP level 22. HP: 149/152 MP: 29/29
 37043 | Vaults:5 | Entered Level 5 of the Vaults
 37210 | Vaults:5 | Noticed an ancient lich
 37222 | Vaults:5 | Received a gift from Okawaru
 37251 | Vaults:5 | Killed an ancient lich
 37693 | Vaults:5 | Identified the +6 hunting sling of Conflict {flame, Fragile
                  | MP+9 Int-3 Dex+4}
 37705 | Vaults:5 | Identified the cursed +1 quarterstaff of Desertification
                  | {pain, rF+ rN+ Str+3 Dex+2}
 37735 | Vaults:5 | Noticed an ancient lich
 37762 | Vaults:5 | Killed an ancient lich
 37762 | Vaults:5 | Received a gift from Okawaru
 37829 | Vaults:5 | Got a silver rune of Zot
 37882 | Vaults:5 | Reached XP level 23. HP: 108/158 MP: 30/30
 38019 | Vaults:5 | Identified the +5 hand axe of Vamowi {speed, *Corrode rF+
                  | SInv Stlth+}
 38096 | Vaults:5 | Received a gift from Okawaru
 38186 | Vaults:5 | Got a shimmering cloak {god gift}
 38217 | Vaults:5 | Identified the +0 cloak of Oblivion {MR+} (Okawaru gifted
                  | it to you on level 5 of the Vaults)
 38507 | Vaults:5 | Gained mutation: Scrolls take you a little longer to read.
                  | [a shining eye]
 38601 | Vaults:5 | Paralysed by a floating eye for 2 turns
 38619 | Vaults:5 | Found Ybar's Magic Scroll Emporium.
 38621 | Vaults:5 | Bought a scroll of acquirement for 572 gold pieces
 38621 | Vaults:5 | Bought a scroll of enchant armour for 82 gold pieces
 38621 | Vaults:5 | Bought a scroll of magic mapping for 38 gold pieces
 38621 | Vaults:5 | Bought a scroll of teleportation for 33 gold pieces
 38621 | Vaults:5 | Bought a scroll of magic mapping for 38 gold pieces
 38621 | Vaults:5 | Bought a scroll of fog for 22 gold pieces
 38621 | Vaults:5 | Bought a scroll of magic mapping for 38 gold pieces
 38629 | Vaults:5 | Identified the Incunabulum of Necromancy
 38645 | Vaults:5 | Got a polished helmet
 38655 | Vaults:5 | Identified the +0 helmet of Ashenzari's Fury {rC- Dex+5
                  | SInv} (You acquired it on level 5 of the Vaults)
 39238 | Elf:1    | Entered Level 1 of the Elven Halls
 39277 | Elf:1    | Lost mutation: You can translocate small distances at will.
                  | [potion of mutation]
 39277 | Elf:1    | Lost mutation: Scrolls take you a little longer to read.
                  | [potion of mutation]
 39277 | Elf:1    | Gained mutation: You occasionally shout uncontrollably at
                  | your foes. [potion of mutation]
 39277 | Elf:1    | Gained mutation: You possess an exceptional clarity of
                  | mind. [potion of mutation]
 39277 | Elf:1    | Gained mutation: Your spells are a little harder to cast,
                  | but a little more powerful. [potion of mutation]
 39278 | Elf:1    | Lost mutation: You possess an exceptional clarity of mind.
                  | [potion of mutation]
 39278 | Elf:1    | Lost mutation: You occasionally shout uncontrollably at
                  | your foes. [potion of mutation]
 39278 | Elf:1    | Gained mutation: You do not regenerate when monsters are
                  | visible. [potion of mutation]
 39278 | Elf:1    | Gained mutation: You occasionally shout uncontrollably at
                  | your foes. [potion of mutation]
 39278 | Elf:1    | Gained mutation: You are dopey. (Int -2) [potion of
                  | mutation]
 39278 | Elf:1    | Gained mutation: You have very sharp teeth. [potion of
                  | mutation]
 39279 | Elf:1    | Lost mutation: You do not regenerate when monsters are
                  | visible. [potion of mutation]
 39279 | Elf:1    | Lost mutation: Your spells are a little harder to cast, but
                  | a little more powerful. [potion of mutation]
 39279 | Elf:1    | Gained mutation: Your magical capacity is low. (-10% MP)
                  | [potion of mutation]
 39279 | Elf:1    | Gained mutation: You have sharp toenails. [potion of
                  | mutation]
 39279 | Elf:1    | Gained mutation: Your spells are a little easier to cast,
                  | but a little less powerful. [potion of mutation]
 39279 | Elf:1    | Gained mutation: You are agile. (Dex +2) [potion of
                  | mutation]
 39340 | Elf:1    | Found a flickering gateway to a bazaar.
 39357 | Bazaar   | Entered a bazaar
 39366 | Bazaar   | Found Zuh Zeor's Book Shop.
 39379 | Bazaar   | Found Tuk Lat's Jewellery Shop.
 39715 | Elf:1    | Found a portal to a secret trove of treasure.
 39858 | Elf:1    | Found a large runed translucent door.
 39858 | Elf:1    | Found a large runed translucent door.
 39860 | Elf:1    | Noticed Hiliwumm's ghost (veteran MiGl)
 39921 | Elf:1    | Killed Hiliwumm's ghost
 39953 | Elf:1    | Found Qosokiomo's Antique Armour Emporium.
 40136 | Elf:1    | Cast into level 3 of the Abyss (a deep elf sorcerer)
 40219 | Abyss:3  | Found a corrupted altar of Lugonu.
 40251 | Abyss:3  | Found a burning altar of Makhleb.
 40251 | Abyss:3  | Gained mutation: You are weak. (Str -2) [a neqoxec]
 40344 | Abyss:5  | Entered Level 5 of the Abyss
 40385 | Abyss:5  | Received a gift from Okawaru
 40394 | Abyss:5  | Paralysed by accursed screaming for 1 turns
 40752 | Abyss:5  | Reached XP level 24. HP: 101/166 MP: 25/27
 40934 | Abyss:5  | Paralysed by accursed screaming for 2 turns
 40935 | Abyss:5  | HP: 5/166 [starcursed mass/accursed screaming (11)]
 40935 | Abyss:5  | HP: 2/166 [starcursed mass (3)]
 41081 | Abyss:5  | Got an abyssal rune of Zot
 41083 | Abyss:5  | HP: 8/166 [spatial maelstrom (23)]
 41158 | Abyss:5  | Found a hazy altar of Hepliaklqana.
 41174 | Abyss:5  | HP: 5/166 [smoke demon/divine providence (13)]
 41174 | Abyss:5  | Killed from afar by a starcursed mass

Levels and vault maps discovered:
D:1:      lightli_arrival_boilingwater, layout_basic
D:2:      layout_basic
D:3:      layout_loops_corners, portal_sewer_entry_d
D:4:      layout_basic, minmay_temple_entry_gardened_gates, first_ration,
          serial_shops, shop, minmay_starry_boxes, uniq_grinder
D:5:      layout_basic, minitemple
D:6:      kennysheep_spiral_hall, layout_basic, kennysheep_little_box,
          chequers_hall_statues_wall_a
D:7:      layout_loops_corners, gammafunk_ghost_split, serial_shops,
          nicolae_shop_trees, minivault_25, uniq_menkaure
D:8:      layout_loops_ring, kennysheep_mini_moat, due_lair_maze_entry_diamond,
          grunt_livestock, uniq_prince_ribbit1
D:9:      layout_cave_pools, grunt_temple_overflow_magic_moments,
          lemuel_round_altar, orc_0_dummy
D:10:     layout_long_grid, serial_shops, nicolae_shop_overgrown_old_shop,
          uniq_fannar
D:11:     layout_loops_ring, gammafunk_ghost_spectres, uniq_snorg
D:12:     layout_stronghold, gauntlet_entry_generic, elyvilon_altar_5
D:13:     layout_basic, serial_shops, nicolae_shop_trees, st_stairs_2
D:14:     layout_small_grid, david_vaults_2, maelrawn_ghost_gauntlet_escape,
          minmay_staircase_windowed_small, serial_shops,
          nicolae_shop_behind_doors
D:15:     grunt_enter_depths_snipers, layout_basic,
          minmay_misc_feat_more_columns
Temple:   nicolae_temple_god_jail
Lair:1:   gammafunk_cloud_chamber, layout_long_grid, gammafunk_ghost_arena,
          basic_altar, grunt_megastairs_4, uniq_nergalle, uniq_urug
Lair:2:   layout_hall_layers, guppyfry_snake_entry_island, enter_volcano_4,
          fungi_pond_lemuel
Lair:3:   layout_roguey, minmay_swamp_entry_swarm
Lair:4:   layout_hall_layers, grunt_forest_stairs_basic, grunt_megastairs_2
Lair:5:   layout_regular_city, uniq_josephine
Lair:6:   hangedman_lair_caniforms_friends, layout_hall_layers,
          guppyfry_lair_end_dragon, slime_altar_1, hibernation_bobbens
Swamp:1:  layout_basic_swamp, evilmike_swamp_ruin_house_2
Swamp:2:  gammafunk_the_bubble [the_bubble_gammafunk_grid], layout_basic_swamp,
          evilmike_swamp_ruin_rubble_2
Swamp:3:  layout_basic_swamp, evilmike_swamp_ruin_house_4, swamp_pool1,
          uniq_louise
Swamp:4:  swamp_old_school, layout_basic_swamp, nicolae_swamp_godswood,
          uniq_kirke
Snake:1:  layout_cave_pods, serial_shops, shop,
          gammafunk_ghost_berserking_beasts, st_stairs_13, serial_bayou_shore_b
Snake:2:  layout_cave_town, drop_trap, st_stairs_7
Snake:3:  layout_onion
Snake:4:  grunt_snake_rune_serpentine_throne, layout_misc_corridors,
          hangedman_snake_corridor_cut
Orc:1:    layout_diamond_mine
Orc:2:    st_orc_pillars, layout_caves, serial_shops, shop
Elf:1:    eino_elf_arrival_shootout, layout_gridlike, serial_shops,
          bzr_entry_water, nicolae_shop_trees, nicolae_trove_entry_diagonal,
          ebering_ghost_disaster_area, hangedman_elf_represent,
          lemuel_flamethrower_1
Vaults:1: v_alt_pattern_6, nicolae_vaults_triangles, v_misc_26,
          grunt_vaults_funnel, vaults_room_fancy_cross, vaults_room_hallway,
          vaults_mumra_hex, layout_vaults_omnigrid, serial_shops,
          bzr_entry_islet
Vaults:2: ontoclasm_vaults_idyll, vaults_dpeg_cross,
          minmay_crypt_entry_simple_plaza, nicolae_vaults_little_squares_3,
          ontoclasm_vaults_misaligned, nicolae_vaults_holding_cells, v_misc_17,
          vaults_room_door_hall, nicolae_vaults_alarming, vaults_dpeg_ring,
          ontoclasm_vaults_decontamination, hangedman_vaults_trim,
          layout_vaults_big_room
Vaults:3: ontoclasm_vaults_gateway, v_alt_pattern_4, v_misc_8, v_rooms_2,
          vaults_standard_mumra_enter_the_diamond, v_misc_17,
          nicolae_vaults_border_crossing, ontoclasm_vaults_idyll,
          ontoclasm_vaults_claustrophobia, v_misc_22, v_misc_27,
          vaults_room_semicircle, vaults_room_semicircle, layout_vaults_ring
Vaults:4: vaults_room_corners, dpeg_vaults_pockets_of_resistance,
          nicolae_vaults_inception_corners, v_misc_5, nicolae_vaults_arrows,
          hangedman_vaults_nails, nicolae_vaults_twisting_passages,
          vaults_room_large_hall, vaults_room_pool, nicolae_vaults_angled_halls,
          grunt_vaults_bifocal, layout_vaults_omnibox
Vaults:5
Abyss:5:  base: Lair:6, serial_sigils_hangedman_snap,
          serial_sigils_hangedman_shear, nicolae_abyss_rune_left_handed,
          minivault_25_ag, serial_sigils_hangedman_snap,
          evilmike_abyss_exit_chaos,
          evilmike_nicolae_abyss_rune_betentacled_crabyss, abyss_exit_lava,
          due_evilmike_abyss_rune_seething_liches, hangedman_relentless_pull,
          hangedman_abyss_rune_flesh_and_stone, nicolae_abyss_rune_left_handed,
          lemuel_flamethrower_3, dshaligram_kb_abyss_rune_zappy_water_cross,
          guppyfry_abyss_exit_spiral_guarded, kilobyte_mutagenic_chamber,
          evilmike_nicolae_abyss_rune_containment_curve,
          evilmike_abyss_exit_glass, minivault_23, hangedman_decor_lopped,
          hangedman_steaming_rock, evilmike_abyss_exit_9, minivault_20

Skill      XL: |  1  2  3  4  5  6  7  8  9 10 11 12 13 14 15 16 17 18 19 20 21 22 23 |
---------------+----------------------------------------------------------------------+-----
Fighting       | 4 5 6 7 8 9 10 11 12 13 14 15 16 18 19 20 21 | 21.4
Maces & Flails | 3 4 5 6 7 8 9 10 11 12 13 14 16 | 16.0
Shields        | 4 5 7 8 9 10 11 12 13 14 15 16 17 | 17.8
Armour         | 4 5 6 7 8 9 10 11 12 13 14 15 17 18 19 20 21 | 21.1
Invocations    | 1 3 5 7 8 |  8.0
Evocations     | 2 5 7 8 9 10 | 10.0
Dodging        | 6 9 11 13 14 | 14.5

Action                   |  1- 3 |  4- 6 |  7- 9 | 10-12 | 13-15 | 16-18 | 19-21 | 22-24 || total
-------------------------+-------+-------+-------+-------+-------+-------+-------+-------++-------
Melee: Flail             |   116 |   298 |   303 |   656 |       |       |       |       ||  1373
       Morningstar       |       |       |       |    68 |  1165 |  1571 |  1583 |  1282 ||  5669
       Bite              |       |       |       |       |       |       |       |   115 ||   115
Invok: Heroism           |       |       |       |    11 |    11 |    15 |    13 |    16 ||    66
       Finesse           |       |       |       |     4 |     3 |     4 |     3 |     4 ||    18
Evoke: Wand              |       |       |       |       |       |       |     2 |     4 ||     6
  Use: Potion            |     1 |     1 |       |     2 |       |     4 |     3 |    19 ||    30
       Scroll            |       |     1 |    10 |    10 |    22 |     8 |    13 |    17 ||    81
 Stab: Petrified         |       |       |       |       |     5 |       |       |       ||     5
       Confused          |       |       |       |       |       |       |     5 |       ||     5
  Eat: Chunk             |       |     8 |    12 |    18 |    26 |    23 |    25 |    16 ||   128
       Ration            |       |       |       |       |     1 |     1 |     1 |     3 ||     6
Armor: Scale mail        |    28 |       |       |       |       |       |       |       ||    28
       Plate armour      |    82 |   239 |    70 |    63 |   911 |   296 |       |       ||  1661
       Chain mail        |       |       |    98 |   490 |       |       |       |       ||   588
       Crystal plate arm |       |       |       |       |       |   787 |  1063 |   642 ||  2492
Dodge: Dodged            |    29 |    47 |    48 |   366 |   309 |   410 |   632 |   472 ||  2313
Block: Shield            |    66 |   153 |   116 |   593 |   923 |  1361 |  1195 |   878 ||  5285
